Map: Abyssal Reef LE

Players

Apolcalpyse

  • Race: Zerg Zerg
  • Spawn Location: 11:00

Xeamek - Winner!

  • Race: Zerg Zerg
  • League: Platinum
  • Spawn Location: 5:00

VOD

Have the link to the VOD?

Description

test

Time

  • Played on: Dec. 8, 2017, 4:53 p.m.
  • Length: 15:33
Show
View Real Time Build Order
Export as new Build Order

Apolcalpyse Zerg 

Build Orders: Pool First 

Get SALT Encoding   

  12  0:02  Drone  
  13  0:13  Overlord  
  13  0:17  Drone  
  14  0:32  Drone  
  14  0:35  Drone x2  
  17  0:47  Spawning Pool  
  16  0:50  Drone  
  17  1:13  Hatchery  
  17  1:14  Drone  
  17  1:18  Drone  
  18  1:23  Extractor  
  17  1:27  Drone  
  18  1:35  Queen  
  18  1:38  Drone  
  21  1:49  Extractor  
  21  1:51  Drone x2  
  22  2:09  Roach Warren  
  22  2:14  Evolution Chamber  
  20  2:17  Drone x2  
  22  2:26  Drone  
  22  2:27  Queen  
  25  2:30  Drone  
  26  2:39  Drone  
  26  2:44  Zerg Melee Weapons Level 1  
  27  2:53  Drone  
  28  3:09  Overlord  
  28  3:10  Overlord  
  28  3:28  Roach x2  
  28  3:29  Roach  
  32  3:34  Queen  
  31  3:41  Roach x2  
  31  3:42  Roach  
  36  4:02  Drone  
  36  4:03  Drone x3  
  36  4:08  Roach  
  36  4:09  Roach  
  43  4:13  Overlord  
  43  4:22  Drone  
  44  4:25  Overlord  
  44  4:38  Zerg Missile Weapons Level 1, Roach x3  
  50  4:47  Roach x2  
  54  4:59  Roach  
  56  5:08  Roach  
  56  5:09  Roach  
  56  5:10  Overlord  
  56  5:11  Overlord  
  60  5:23  Overlord  
  60  5:33  Roach x2  
  64  5:36  Roach x4  
  64  5:41  Drone  
  73  5:51  Roach x3  
  79  5:58  Roach  
  79  5:59  Roach  
  79  6:04  Overlord  
  83  6:14  Ravager  
  84  6:21  Overlord  
  84  6:27  Ravager  
  84  6:28  Ravager x5  
  90  6:39  Roach x2  
  94  6:40  Overlord  
  94  6:41  Overlord  
  39  7:37  Roach x6  
  39  7:38  Roach x2  
  39  7:40  Roach x4  
  39  7:41  Roach x2  
  59  12:31  Lair  
  59  14:02  Spire  
Show
View Real Time Build Order
Export as new Build Order

Xeamek Zerg - Winner!

Build Orders: Hatch First 

Get SALT Encoding   

  12  0:02  Drone  
  13  0:12  Overlord  
  13  0:17  Drone  
  14  0:31  Drone x2  
  14  0:35  Drone  
  17  0:58  Hatchery  
  17  1:00  Extractor  
  15  1:10  Spawning Pool  
  14  1:34  Drone x3  
  17  2:04  Zergling x4  
  17  2:05  Queen  
  17  2:06  Metabolic Boost  
  21  2:08  Overlord  
  21  2:16  Roach Warren  
  20  2:32  Zergling x2, Drone x3  
  24  2:41  Extractor  
  24  2:42  Drone  
  24  2:43  Drone  
  25  3:02  Roach x2  
  29  3:07  Zergling x4  
  29  3:08  Drone  
  32  3:22  Overlord  
  31  3:47  Ravager x2  
  33  3:54  Zergling x2  
  33  3:55  Zergling x2, Drone  
  34  3:56  Drone x2  
  34  4:03  Drone x2  
  36  4:10  Overlord  
  36  4:28  Queen  
  38  4:33  Overlord x2  
  38  4:35  Lair  
  38  4:40  Evolution Chamber  
  37  5:02  Hatchery  
  37  5:03  Zergling x4, Queen, Roach  
  37  5:04  Zergling x2  
  43  5:16  Zerg Missile Weapons Level 1  
  43  5:21  Roach x2  
  45  5:45  Glial Reconstitution  
  45  5:46  Baneling Nest  
  44  5:54  Zergling x6, Roach x3  
  44  5:55  Drone  
  54  6:04  Ravager x2  
  54  6:05  Ravager  
  57  6:13  Drone  
  57  6:14  Drone x3  
  61  6:32  Roach x2, Drone  
  66  6:33  Overlord  
  66  6:34  Overlord  
  66  6:42  Pneumatized Carapace  
  66  6:52  Overlord, Drone x3  
  69  6:56  Drone  
  48  7:29  Burrow  
  45  7:41  Zergling x4, Roach x2, Drone  
  45  7:42  Roach x2, Drone x3  
  45  7:43  Roach, Drone  
  62  7:46  Zergling x6  
  62  8:15  Ravager x2  
  62  8:16  Ravager x2  
  62  8:17  Baneling x3  
  66  8:21  Extractor  
  66  8:23  Drone x2  
  66  8:24  Extractor, Drone x3  
  66  8:25  Drone  
  70  8:33  Drone x2  
  72  8:34  Drone  
  72  8:36  Extractor  
  72  8:37  Zergling x6, Roach x2  
  79  8:44  Extractor  
  79  8:47  Drone x5  
  83  8:52  Zerg Melee Weapons Level 1  
  83  9:19  Queen  
  83  9:21  Overlord x5  
  83  9:22  Zergling x2, Drone  
  83  9:23  Zergling x2, Roach  
  90  9:30  Baneling x7  
  90  9:31  Centrifical Hooks, Baneling  
  90  9:49  Drone x10  
  100  9:55  Overseer x2, Queen  
  100  9:56  Overseer x2  
  102  10:03  Queen  
  104  10:39  Queen  
  104  10:40  Zergling x2  
  104  10:41  Zergling x4, Roach x2, Drone x2  
  115  10:49  Hydralisk Den  
  114  10:50  Zerg Missile Weapons Level 2  
  114  10:54  Evolution Chamber  
  113  10:57  Zergling x4, Roach x2, Overlord  
  113  10:58  Overlord x2, Drone x2  
  121  11:17  Hatchery  
  120  11:46  Overlord x2  
  120  11:47  Hydralisk x9, Overlord  
  120  11:48  Hydralisk x5  
  148  12:12  Extractor  
  147  12:16  Extractor  
  146  12:25  Hydralisk  
  146  12:26  Hydralisk x10  
  146  12:29  Overlord x2  
  168  12:33  Zerg Ground Armor Level 1  
  168  12:40  Evolution Chamber  
  168  12:41  Muscular Augments  
  167  12:50  Ravager  
  167  12:51  Ravager x2  
  170  12:53  Baneling x4  
  170  12:54  Baneling x5  
  170  12:58  Hydralisk x6  
  170  12:59  Hydralisk x4  
  190  13:22  Overseer  
  190  13:24  Overlord  
  190  13:25  Overlord x3  
  190  13:42  Overseer  
  190  14:21  Hydralisk  
  190  14:22  Hydralisk x4  
  193  14:52  Roach, Hydralisk x2  
  197  14:53  Roach  
Tags
 
Add a new tag
Caveats
  • Supply blocks, unpowered buildings, or Contaminate may cause inaccurate times.
  • Supply counts are checked every 10 seconds.